 Dungeon Crawl Stone Soup version 0.27-a0-1277-g3808f8b1c9 (webtiles) character file.

Game seed: 13982166004285405502

1045 Glokmah the Covert (level 8, -2/48 HPs)
             Began as a Kobold Brigand on June 12, 2021.
             Was a Follower of Uskayaw.
             Slain by an ogre (22 damage)
             ... on level 5 of the Dungeon.
             The game lasted 00:08:36 (5451 turns).

Glokmah the Covert (Kobold Brigand)                 Turns: 5451, Time: 00:08:36

Health: -2/48      AC:  5    Str: 10    XL:     8   Next: 49%
Magic:  1/19       EV: 15    Int: 12    God:    Uskayaw [*.....]
Gold:   249        SH:  0    Dex: 17    Spells: 4/7 levels left

rFire    . . .     SeeInvis .   a - +2 dagger (freeze)
rCold    . . .     Faith    .   (shield restricted)
rNeg     . . .     Spirit   .   o - +0 leather armour
rPois    .         Reflect  .   (no helmet)
rElec    .         Harm     .   c - +0 cloak
rCorr    .         Rampage  .   k - +0 pair of gloves
Will     .....                  (no boots)
Stlth    +++++.....             (no amulet)
HPRegen  0.16/turn              s - +4 ring of slaying
MPRegen  0.16/turn              j - ring of magical power

@: no status effects
A: small, no large weapons, nightstalker 3
a: Renounce Religion, Stomp


You were on level 5 of the Dungeon.
You worshipped Uskayaw.
Uskayaw was noncommittal.
You visited 1 branch of the dungeon, and saw 5 of its levels.

You collected 249 gold pieces.

Inventory:

Hand Weapons
 a - a +2 dagger of freezing (weapon)
 b - a +0 short sword of flaming
 l - a +2 dagger
 t - a +0 rapier
Missiles
 d - 14 poisoned darts (quivered)
 e - 2 curare-tipped darts
 f - 179 stones
 v - 5 boomerangs of dispersal
Armour
 c - a +0 cloak (worn)
 h - a +0 robe
 k - a +0 pair of gloves (worn)
 o - a +0 leather armour (worn)
Jewellery
 j - a ring of magical power (right hand)
 r - a ring of ice
 s - a +4 ring of slaying (left hand)
Wands
 w - a wand of iceblast (4)
Scrolls
 g - a scroll of holy word {unknown}
 m - 6 scrolls of identify {unknown}
 n - 3 scrolls of enchant armour {unknown}
 x - a scroll of teleportation {unknown}
 y - a scroll of brand weapon {unknown}
 A - a scroll of amnesia {unknown}
Potions
 i - a potion of cancellation {unknown}
 p - a potion of attraction {unknown}
 q - 4 potions of curing
 u - a potion of degeneration {unknown}
 z - a potion of ambrosia {unknown}


   Skills:
 + Level 4.1 Fighting
 * Level 6.8 Short Blades
 - Level 4.0 Throwing
 - Level 4.0 Dodging
 * Level 8.8 Stealth
 * Level 3.0 Invocations


You had 4 spell levels left.
You knew the following spells:

 Your Spells              Type           Power      Damage    Failure   Level
a - Apportation           Tloc           0%         N/A       41%         1
b - Ensorcelled Hibernat  Hex/Ice        0%         N/A       56%         2

Your spell library contained the following spells:

 Spells                   Type           Power      Damage    Failure   Level
 Animate Skeleton         Necr           0%         N/A       41%         1
 Corona                   Hex            0%         N/A       41%         1
 Summon Small Mammal      Summ           0%         N/A       41%         1
 Confusing Touch          Hex            0%         N/A       80%         3
 Dazzling Flash           Conj/Hex       0%         N/A       80%         3
 Tukima's Dance           Hex            0%         N/A       80%         3


Dungeon Overview and Level Annotations

Branches:
Dungeon (5/15)             Temple (0/1) D:4

Altars:
Dithmenos
Elyvilon
Qazlal
Uskayaw


Innate Abilities, Weirdness & Mutations

You are small and have problems with some larger weapons.
You are completely attuned to the shadows.


Message History

You kill the gnoll!
You can no longer pass through a line of other dancers.
The gnoll hits you but does no damage.
You can now pass through a line of other dancers.
You hit the gnoll. You freeze the gnoll.
You kill the gnoll!
Your Invocations skill increases to level 3!
Things that are here:
a +0 whip; a gnoll corpse
Items here: )) [ †.
Throw: 16 darts (poison)
Press: ? - help, Q - select action, (/) - cycle Shift-Dir - straight line, f - ogre
Aim: an ogre, wielding a +0 giant spiked club (wandering, hasn't noticed you, 80% to hit)
You throw a poisoned dart. The poisoned dart hits the ogre.
The ogre is poisoned.
The ogre shouts!
Throw: 15 darts (poison)
Press: ? - help, Q - select action, (/) - cycle Shift-Dir - straight line, f/p - ogre
Aim: an ogre, wielding a +0 giant spiked club (poisoned, 80% to hit)
You throw a poisoned dart.
The poisoned dart barely misses the ogre.
You can no longer pass through a line of other dancers.
Okay, then.
You hit the ogre. You freeze the ogre.
The ogre is moderately wounded.
The ogre closely misses you.
You can now pass through a line of other dancers.
Aiming: Line Pass
Press: ? - help, Dir - move target, p - ogre The ogre appears confused.
You can no longer pass through a line of other dancers.
Unknown command.
Items here: )) [ †.
You hit the ogre. You freeze the ogre.
The ogre is heavily wounded.
The ogre seems less confused.
The ogre looks more healthy.
You hit the ogre. You freeze the ogre.
The ogre is almost dead.
The ogre hits you with a +0 giant spiked club!!
You die...

########## ##########
### .........#
#........# #..
.........# #........#
#.. ...).....#
#........# #..
.........# #........#
#..
.........######........#
#..
....#####..............#
#.. ....#
#......O.).....# #..
....# #.......@......#
#.. ....#
#[.............# #..
....# #.........(....#
#.. ....#
#######....(...# #..
....# .....#........#
#.. ....#
.....#.....)..# #..
#...# .....#######)##
#.. #...#
#.......O...).# #<.
#...# #........((...#
#..


You could see an ogre.

Vanquished Creatures
  Grinder (D:4)
  Edmund (D:5)
  An ogre (D:4)
  A centaur (D:4)
  A phantom (D:3)
  A water moccasin skeleton (D:5)
  A bullfrog zombie (D:5)
  A gnoll shaman (D:5)
  2 bullfrog skeletons
  2 iguanas (D:4)
  2 hound skeletons (D:4)
  5 gnolls (D:5)
  4 adders
  A howler monkey skeleton (D:4)
  2 white imps
  6 worms
  5 dart slugs
  6 orcs
  6 ball pythons
  10 bats
  13 endoplasms
  A giant cockroach (D:1)
  8 goblins
  7 hobgoblins
  16 jackals
  9 kobolds
  2 quokkas
  5 frilled lizards
  6 rats
126 creatures vanquished.

Notes
Turn   | Place    | Note
-------+----------+-------------------------------------------
     0 | D:1      | Glokmah the Kobold Brigand began the quest for the Orb.
     0 | D:1      | Reached XP level 1. HP: 12/12 MP: 1/1
   221 | D:1      | Reached XP level 2. HP: 6/17 MP: 2/2
   932 | D:1      | Reached XP level 3. HP: 20/22 MP: 3/3
  1211 | D:1      | Reached skill level 6 in Stealth
  1579 | D:2      | Learned a level 1 spell: Apportation
  1751 | D:2      | Reached XP level 4. HP: 20/27 MP: 4/4
  1952 | D:2      | Found a faded altar of an unknown god.
  2702 | D:3      | Reached XP level 5. HP: 31/31 MP: 5/5
  3482 | D:3      | Noticed a phantom
  3486 | D:3      | Killed a phantom
  3487 | D:3      | Reached XP level 6. HP: 37/37 MP: 6/6
  3840 | D:4      | Found a hide-covered altar of Uskayaw.
  3840 | D:4      | Noticed a +0 dagger
  3840 | D:4      | Noticed a +0 hand axe
  3847 | D:4      | Became a worshipper of Uskayaw the Reveller
  3853 | D:4      | Reached * piety under Uskayaw
  3854 | D:4      | Reached skill level 7 in Stealth
  3894 | D:4      | Noticed Grinder
  3897 | D:4      | Killed Grinder
  3897 | D:4      | Reached ** piety under Uskayaw
  3898 | D:4      | Reached skill level 5 in Short Blades
  3898 | D:4      | Reached XP level 7. HP: 41/41 MP: 7/7
  4078 | D:4      | Found a staircase to the Ecumenical Temple.
  4189 | D:4      | Found a shadowy altar of Dithmenos.
  4441 | D:4      | Reached skill level 8 in Stealth
  4441 | D:4      | Reached skill level 1 in Invocations
  4590 | D:4      | Reached XP level 8. HP: 25/48 MP: 9/9
  4590 | D:4      | Reached *** piety under Uskayaw
  4830 | D:5      | Entered Level 5 of the Dungeon
  5048 | D:5      | Learned a level 2 spell: Ensorcelled Hibernation
  5280 | D:5      | Noticed Edmund
  5283 | D:5      | Killed Edmund
  5313 | D:5      | Found a white marble altar of Elyvilon.
  5313 | D:5      | Found a stormy altar of Qazlal.
  5451 | D:5      | Slain by an ogre

Illustrated notes

Levels and vault maps discovered:
D:1:      dpeg_arrival_rooms_b, layout_loops_cross, kennysheep_crisscross,
          minmay_cut_off
D:2:      layout_loops_ring, shapermc_ecumenical_altar_totnotflames,
          kennysheep_donut
D:3:      layout_basic
D:4:      minmay_chambers_of_threes, layout_rooms, dancing_weapons_uskayaw,
          kennysheep_mini, minmay_temple_entry_antechambers, uniq_grinder
D:5:      layout_gridville, gammafunk_temple_overflow_elements,
          amcnicky_altar_gilded, uniq_edmund

Skill      XL: |  1  2  3  4  5  6  7  8 |
---------------+-------------------------+-----
Short Blades   | 3 4 5 6 |  6.8
Stealth        | 6 7 8 |  8.8
Dodging        | 2 3 4 |  4.0
Fighting       | 3 4 |  4.1
Throwing       | 3 4 |  4.0
Invocations    | 1 3 |  3.0

Action                   |  1- 3 |  4- 6 |  7- 9 || total
-------------------------+-------+-------+-------++-------
Melee: Dagger            |    81 |   109 |   107 ||   297
       Short sword       |     3 |     9 |       ||    12
Throw: Dart              |       |       |     4 ||     4
Invok: Line Pass         |       |       |     5 ||     5
       Stomp             |       |       |     3 ||     3
  Use: Potion            |       |     1 |       ||     1
 Stab: Sleeping          |    19 |    25 |    11 ||    55
       Distracted        |       |     2 |       ||     2
       Confused          |       |       |     5 ||     5
       Paralysed         |       |       |     1 ||     1
Armor: Robe              |     7 |       |       ||     7
       Leather armour    |       |    19 |    15 ||    34
Dodge: Dodged            |    39 |    54 |    61 ||   154

Table legend: (Time is in decaauts)
 A = Elapsed time spent in this place.
 B = Non-inter-level travel time spent in this place.
 C = Inter-level travel time spent in this place.
 D = Time resting spent in this place.
 E = Time spent auto-exploring this place.
 F = Levels seen in this place.
 G = Mean time per level.
                   A        B        C        D        E       F      G
               +--------+--------+--------+--------+--------+-----+--------+
         Total |   5382 |   5115 |    267 |    640 |   3515 |   5 | 1076.4 |
       Dungeon |   5382 |   5115 |    267 |    640 |   3515 |   5 | 1076.4 |
               +--------+--------+--------+--------+--------+-----+--------+

Top non-repeatable levels by time:
     D:1: 1524 daAuts
     D:3: 1254 daAuts
     D:2: 1058 daAuts
     D:4: 1014 daAuts
     D:5: 530 daAuts
